 Dungeon Crawl Stone Soup version 0.21.1-1-g345015f (webtiles) character file.

85499 Fang the Severer (level 15, -5/150 HPs)
             Began as a Gargoyle Berserker on May 30, 2018.
             Was a High Priest of Trog.
             Killed by divine providence
             ... invoked by Saint Roka
              (12 damage)
             ... on level 2 of the Orcish Mines.
             The game lasted 01:05:06 (25665 turns).

Fang the Severer (Gargoyle Berserker)              Turns: 25665, Time: 01:05:06

Health: -5/150     AC: 32    Str: 37    XL:     15   Next: 84%
Magic:  0/16       EV: 11    Int:  9    God:    Trog [*****.]
Gold:   1921       SH:  0    Dex:  9    Spells: 14/14 levels left

rFire    . . .     SeeInvis .   E - +5 broad axe (elec)
rCold    . . .     Gourm    .   (no shield)
rNeg     + . .     Faith    +   J - +3 plate armour of Noon {MR+ rCorr Slay+3}
rPois    ∞         Spirit   +   (helmet restricted)
rElec    +         Reflect  .   L - scarf {Spirit}
rCorr    +         Harm     .   h - +1 pair of gloves
MR       +++..     Clarity  +   (no boots)
Stlth    ..........             l - amulet of faith
HPRegen  0.35/turn              s - +6 ring of strength
MPRegen  0.15/turn              i - +2 ring of slaying

@: berserking, flying, very quick
A: big wings, horns 1, clarity, high mp 1, magic resistance 1, negative energy
resistance 1, electricity resistance, unbreathing, petrification resistance, rot
immunity, AC +11
a: Stop Flying, Berserk, Trog's Hand, Brothers in Arms, Burn Spellbooks,
Renounce Religion


You were on level 2 of the Orcish Mines.
You worshipped Trog.
Trog was extremely pleased with you.
You were very hungry.

You visited 6 branches of the dungeon, and saw 26 of its levels.
You also visited: Labyrinth.

You collected 1921 gold pieces.

Inventory:

Hand Weapons
 A - a +1 battleaxe of chopping
 E - a +5 broad axe of electrocution (weapon)
 H - a +2 antimagic executioner's axe
 X - a +2 battleaxe of venom
Armour
 h - a +1 pair of gloves (worn)
 J - the +3 plate armour of Noon (worn) {MR+ rCorr Slay+3}
   (You took it off a minotaur in a labyrinth)

   It affects your accuracy and damage with ranged weapons and melee attacks
   (+3).
   It affects your resistance to hostile enchantments.
   It protects you from acid and corrosion.
 L - a scarf of spirit shield (worn)
Jewellery
 d - an uncursed ring of wizardry
 i - a +2 ring of slaying (right hand)
 l - an amulet of faith (around neck)
 o - a +4 ring of dexterity
 p - an uncursed ring of see invisible
 s - a +6 ring of strength (left hand)
 R - an uncursed amulet of guardian spirit
Wands
 r - a wand of acid (13)
 t - a wand of enslavement (17)
 v - a wand of iceblast (16)
 x - a wand of scattershot (2)
 y - a wand of random effects (53)
 B - a wand of flame (141)
 I - a wand of polymorph (9)
 Q - a wand of disintegration (25)
 Y - a wand of paralysis (13)
Scrolls
 n - 3 scrolls of blinking
 w - 3 scrolls of fog
 C - 8 scrolls of identify
 D - 4 scrolls of teleportation
 K - a scroll of fear
 T - 3 scrolls of remove curse
 V - 4 scrolls of magic mapping
Potions
 a - 5 potions of lignification
 b - a potion of brilliance
 e - a potion of heal wounds
 f - 6 potions of curing
 g - 2 potions of agility
 j - 2 potions of invisibility
 k - 5 potions of flight
 u - 2 potions of might
 O - 2 potions of berserk rage
 S - a potion of cancellation
 U - a potion of resistance
Books
 z - a book of Callings

   Spells                             Type                      Level
   a - Summon Small Mammal            Summoning                    1
   b - Call Imp                       Summoning                    2
   c - Call Canine Familiar           Summoning                    3
   d - Summon Guardian Golem          Hexes/Summoning              3
   e - Summon Lightning Spire         Summoning/Air                4
   f - Summon Ice Beast               Ice/Summoning                4
   Trog disapproves of the use of such an item.
 N - a book of Necromancy

   Spells                             Type                      Level
   a - Pain                           Necromancy                   1
   b - Animate Skeleton               Necromancy                   1
   c - Vampiric Draining              Necromancy                   3
   d - Regeneration                   Charms/Necromancy            3
   e - Animate Dead                   Necromancy                   4
   f - Borgnjor's Vile Clutch         Necromancy/Earth             5
   Trog disapproves of the use of such an item.
 Z - a book of Air

   Spells                             Type                      Level
   a - Shock                          Conjuration/Air              1
   b - Swiftness                      Charms/Air                   2
   c - Static Discharge               Conjuration/Air              3
   d - Airstrike                      Air                          4
   e - Lightning Bolt                 Conjuration/Air              5
   Trog disapproves of the use of such an item.
Comestibles
 c - 27 rations


   Skills:
 + Level 14.3 Fighting
 + Level 17.5 Axes
 + Level 13.0 Armour
 + Level 6.1 Dodging
 + Level 4.1 Stealth


You had 14 spell levels left.
You didn't know any spells.

Dungeon Overview and Level Annotations

Branches:
Dungeon (15/15)            Temple (1/1) D:5            Lair (6/6) D:8
 Shoals (1/4) Lair:2        Snake (0/4) Lair:2        Slime (0/5) Lair:6
    Orc (2/2) D:10         Vaults (0/5) D:14         Depths (1/5) D:15
    Elf: Orc:2

Altars:
Ashenzari
Cheibriados
Dithmenos
Elyvilon
Fedhas
Gozag
Hepliaklqana
Kikubaaqudgha
Makhleb
Nemelex Xobeh
Okawaru
Qazlal
Ru
Sif Muna
Trog
Uskayaw
Vehumet
Wu Jian
Xom
Yredelemnul
Zin
The Shining One
Beogh
Jiyva

Shops:
D:4 !   D:10 %   D:12 ?   D:13 *   Orc:1 =

Annotations:
Lair:6 1 runed door
Orc:2 Saint Roka


Innate Abilities, Weirdness & Mutations

You are resistant to torment.
Your stone body is resilient. (AC +11)
You are immune to poison.
Your large and strong wings let you fly indefinitely.
You resist negative energy. (rN+)
You are resistant to electric shocks. (rElec)
You can survive without breathing.
You are immune to petrification.
You are immune to rotting.
You have a pair of small horns on your head.
You possess an exceptional clarity of mind.
You have an increased reservoir of magic. (+10% MP)
You are resistant to hostile enchantments. (MR+)


Message History

You slice the orc priest!!
You feel the power of Trog in you as your rage grows.
You kill the orc priest!
Trog accepts your kill. The orc warrior closely misses you.
The orc priest invokes the aid of Beogh against you.
Beogh smites you!
* * * LOW HITPOINT WARNING * * *
The orc sorcerer gestures wildly while chanting.
An orc comes into view.
You slice the orc!! Lightning courses through the orc!
You kill the orc!
Trog accepts your kill.
You slash the orc warrior!
You kill the orc warrior!
Trog accepts your kill.
You closely miss the orc warrior. The orc warrior closely misses you.
Saint Roka mumbles some strange prayers to Beogh against you.
Beogh smites you!
You die...

$.
#...................#.## .
###..................#####
#.....))#.....##...### #.
................###.## #..
#..#####.#.....## ##. #..
#.#))...# ## #. ###8(..8#
#)()..# #)@)..#
#...))o.....#
##oooooo...##
.......o.....
...4...........
........_o.....
...............
.8.........oo..


You could see Saint Roka, an orc knight, an orange demon, an orc sorcerer, 5 orc
warriors, an orc priest and 2 orc wizards.

Vanquished Creatures
  A stone giant (Depths:1)
  Azrael (D:13)
  A minotaur (Lab)
  Snorg (D:11)
  A fire dragon (Depths:1)
  Erolcha (D:11)
  5 hydras
  4 vault guards (D:14)
  Harold (D:12)
  A rakshasa (Depths:1)
  Fannar (D:10)
  3 centaur warriors
  Erica (D:10)
  5 two-headed ogres
  3 tengu warriors
  A vampire mage (D:15)
  2 orc high priests (Orc:2)
  2 unseen horrors
  A spark wasp zombie (D:15)
  A wolf spider zombie (D:14)
  A wolf spider (D:15)
  A fire giant zombie (D:15)
  5 orc knights
  A necromancer (D:15)
  2 cyclopes
  4 deep elf magi
  3 orc sorcerers (Orc:2)
  2 oklob plants (Lair:4)
  A stone giant zombie (D:15)
  5 ugly things
  3 elephants (Lair:5)
  Maurice (D:10)
  3 black mambas
  Joseph (D:10)
  20 spiny frogs
  2 gargoyles
  5 komodo dragons
  5 yaktaurs (D:13)
  A harpy zombie (D:14)
  A yaktaur skeleton (D:15)
  2 guardian mummies (D:15)
  12 trolls
  23 blink frogs
  11 slime creatures
  4 tyrant leeches (Lair:6)
  11 dream sheep
  10 hippogriffs
  A vampire (D:14)
  4 wyverns
  2 wraiths (D:13)
  Grum (D:8)
  A yak (shapeshifter) (Depths:1)
  30 yaks
  4 basilisks
  A steam dragon (D:9)
  3 fire elementals (D:13)
  A warg (Orc:2)
  Menkaure (D:4)
  2 hungry ghosts
  8 vampire mosquitoes
  An acid dragon (D:14)
  3 soldier ants
  Duvessa (D:4)
  9 water moccasins
  7 porcupines
  6 sky beasts
  6 hell hounds
  2 ice beasts
  23 orc warriors
  A black bear (D:9)
  3 necrophages
  2 phantoms
  13 ogres
  19 wolves
  The ghost of Sharkman1231 the Skirmisher, an amateur DsWn (D:3)
  21 centaurs
  6 crocodiles
  2 big kobolds
  21 bullfrogs
  A gnoll sergeant (D:8)
  A wyvern zombie (D:15)
  Dowan (D:4)
  4 scorpions
  10 wights (D:8)
  3 howler monkeys
  2 electric eels
  14 crimson imps
  2 bullfrog zombies (D:11)
  2 centaur zombies (D:11)
  7 hounds
  16 orc priests
  16 orc wizards
  7 jellies
  Crazy Yiuf (D:4)
  A bullfrog skeleton (D:10)
  3 centaur skeletons
  2 iguanas
  4 worker ants
  2 hound zombies
  A hound skeleton (D:6)
  15 gnolls
  A howler monkey skeleton (D:7)
  15 adders
  8 shadow imps
  5 oozes (D:8)
  3 adder zombies
  An adder skeleton (D:5)
  2 dart slugs
  7 leopard geckos
  82 orcs
  3 ball pythons
  7 giant cockroaches
  10 goblins
  10 hobgoblins
  17 jackals
  2 quokkas
  3 bats
  3 frilled lizards
  19 kobolds
  A leopard gecko skeleton (D:4)
  6 rats
  8 fungi
  14 plants
725 creatures vanquished.

Vanquished Creatures (collateral kills)
  A plant (Lair:1)
1 creature vanquished.

Vanquished Creatures (others)
  7 fungi
  55 plants
62 creatures vanquished.

Grand Total: 788 creatures vanquished

Notes
Turn   | Place    | Note
-------+----------+-------------------------------------------
     0 | D:1      | Fang the Gargoyle Berserker began the quest for the Orb.
     0 | D:1      | Reached XP level 1. HP: 14/14 MP: 1/1
   140 | D:1      | Reached XP level 2. HP: 8/19 MP: 2/2
   510 | D:1      | Reached skill level 3 in Axes
   735 | D:1      | Reached XP level 3. HP: 23/24 MP: 3/3
  1341 | D:2      | Reached ** piety under Trog
  1341 | D:2      | Reached XP level 4. HP: 29/29 MP: 4/4
  1914 | D:2      | Found a stormy altar of Qazlal.
  1917 | D:2      | Found an ornate altar of the Wu Jian Council.
  1920 | D:2      | Found a sparkling altar of Nemelex Xobeh.
  2181 | D:3      | Noticed Sharkman1231's ghost (amateur DsWn)
  2181 | D:3      | Reached XP level 5. HP: 34/34 MP: 5/5
  2199 | D:3      | Killed Sharkman1231's ghost
  2199 | D:3      | Reached skill level 4 in Axes
  2279 | D:3      | Found a hazy altar of Hepliaklqana.
  2310 | D:3      | Reached XP level 6. HP: 40/40 MP: 6/6
  2545 | D:3      | Reached *** piety under Trog
  2586 | D:4      | Noticed Menkaure
  2598 | D:4      | Killed Menkaure
  2598 | D:4      | Reached skill level 5 in Fighting
  2598 | D:4      | Reached skill level 5 in Axes
  2598 | D:4      | Reached XP level 7. HP: 33/44 MP: 7/7
  2728 | D:4      | Noticed Duvessa
  2728 | D:4      | Noticed Dowan
  2748 | D:4      | Killed Dowan
  2749 | D:4      | Killed Duvessa
  2749 | D:4      | Reached skill level 1 in Stealth
  2996 | D:4      | Found Luyffuiq's Distillery.
  3034 | D:4      | Found a white marble altar of Elyvilon.
  3343 | D:4      | Found a burning altar of Makhleb.
  3345 | D:4      | Noticed a balrug
  3465 | D:4      | Found a runed door.
  3583 | D:4      | Noticed Crazy Yiuf
  3590 | D:4      | Killed Crazy Yiuf
  3590 | D:4      | Reached skill level 6 in Axes
  3622 | D:5      | Entered Level 5 of the Dungeon
  3699 | D:5      | Reached XP level 8. HP: 47/51 MP: 8/8
  3868 | D:5      | Found a staircase to the Ecumenical Temple.
  4249 | Temple   | Entered the Ecumenical Temple
  4479 | D:6      | Reached skill level 7 in Axes
  4481 | D:6      | Reached **** piety under Trog
  4755 | D:6      | Found a hazy altar of Hepliaklqana.
  4813 | D:6      | Reached XP level 9. HP: 56/56 MP: 9/9
  5342 | D:7      | Reached skill level 8 in Axes
  5477 | D:7      | Noticed a two-headed ogre
  5492 | D:7      | Killed a two-headed ogre
  5765 | D:7      | Reached skill level 9 in Axes
  6134 | D:8      | Reached skill level 5 in Armour
  6140 | D:8      | Noticed a tengu warrior
  6192 | D:8      | Killed a tengu warrior
  6192 | D:8      | Reached XP level 10. HP: 44/63 MP: 10/10
  6318 | D:8      | Noticed Grum
  6340 | D:8      | Reached skill level 5 in Dodging
  6361 | D:8      | Killed Grum
  6681 | D:8      | Reached skill level 10 in Axes
  6714 | D:8      | Found a viscous altar of Jiyva.
  6729 | D:8      | Reached ***** piety under Trog
  6785 | D:8      | Found a staircase to the Lair.
  7219 | D:9      | Received a gift from Trog
  7403 | D:9      | Reached XP level 11. HP: 59/69 MP: 11/11
  7425 | D:9      | Noticed a two-headed ogre
  7433 | D:9      | Killed a two-headed ogre
  7433 | D:9      | Reached skill level 11 in Axes
  7965 | D:10     | Entered Level 10 of the Dungeon
  7977 | D:10     | Noticed Maurice
  7996 | D:10     | Killed Maurice
  8100 | D:10     | Noticed a two-headed ogre
  8104 | D:10     | Noticed Erica
  8108 | D:10     | Killed a two-headed ogre
  8117 | D:10     | Killed an unseen horror
  8135 | D:10     | Killed Erica
  8135 | D:10     | Reached skill level 12 in Axes
  8277 | D:10     | Found a staircase to the Orcish Mines.
  8506 | D:10     | Found Cutt's Food Emporium.
  8506 | D:10     | Noticed Joseph
  8513 | D:10     | Killed Joseph
  8513 | D:10     | Received a gift from Trog
  8663 | D:11     | Noticed Fannar
  8678 | D:10     | Killed Fannar
  8678 | D:10     | Reached XP level 12. HP: 77/77 MP: 12/12
  8768 | Lair:1   | Entered Level 1 of the Lair of Beasts
  9061 | Lair:1   | Reached skill level 10 in Fighting
  9214 | Lair:1   | Noticed a four-headed hydra
  9219 | Lair:1   | Gained mutation: Your body sometimes deteriorates upon taking damage. [potion of mutation]
  9219 | Lair:1   | Gained mutation: Your flesh is cold resistant. (rC+) [potion of mutation]
  9219 | Lair:1   | Gained mutation: Your body often deteriorates upon taking damage. [potion of mutation]
  9219 | Lair:1   | Gained mutation: You are somewhat resistant to further mutation. [potion of mutation]
  9227 | Lair:1   | Killed a nine-headed hydra
  9344 | Lair:1   | Reached skill level 13 in Axes
  9744 | Lair:2   | Found a staircase to the Snake Pit.
  9841 | Lair:2   | Found a staircase to the Shoals.
  9863 | Shoals:1 | Entered Level 1 of the Shoals
 10777 | Lair:3   | Found a labyrinth entrance.
 10821 | Lair:3   | Reached ****** piety under Trog
 10824 | Lair:3   | Received a gift from Trog
 10850 | Lab      | Entered a labyrinth
 13792 | Lab      | Paralysed by fainting for 6 turns
 13803 | Lab      | Paralysed by fainting for 12 turns
 14799 | Lab      | Noticed a minotaur
 14806 | Lab      | Killed a minotaur
 14808 | Lab      | Got a bronze plate armour
 14847 | Lab      | Identified the +3 plate armour of Noon {MR+ rCorr Slay+3} (You took it off a minotaur in a labyrinth)
 15227 | Lair:3   | Noticed a five-headed hydra
 15233 | Lair:3   | Killed a nine-headed hydra
 15584 | Lair:3   | Lost mutation: Your body often deteriorates upon taking damage. [potion of mutation]
 15584 | Lair:3   | Lost mutation: Your flesh is cold resistant. (rC+) [potion of mutation]
 15584 | Lair:3   | Gained mutation: Your large and strong wings let you fly indefinitely. [potion of mutation]
 15615 | Lair:3   | Lost mutation: Your body sometimes deteriorates upon taking damage. [potion of mutation]
 15615 | Lair:3   | Lost mutation: Your large and strong wings let you fly indefinitely. [potion of mutation]
 15652 | Lair:4   | Reached XP level 13. HP: 80/84 MP: 13/13
 15675 | Lair:4   | Reached skill level 10 in Armour
 15679 | Lair:4   | Reached skill level 14 in Axes
 16206 | Lair:4   | Got a faintly humming ring mail
 16217 | Lair:4   | Identified the +2 ring mail "Neduegin" {-Tele Str-3 Int+8 Stlth+} (You found it on level 4 of the Lair of Beasts)
 17073 | Lair:4   | Received a gift from Trog
 17436 | Lair:6   | Entered Level 6 of the Lair of Beasts
 17545 | Lair:6   | Reached skill level 15 in Axes
 17913 | Lair:6   | Gained mutation: Your large and strong wings let you fly indefinitely. [Gargoyle growth]
 17913 | Lair:6   | Reached XP level 14. HP: 68/92 MP: 11/14
 17972 | Lair:6   | Found a runed door.
 17973 | Lair:6   | Found a viscous altar of Jiyva.
 17973 | Lair:6   | Noticed an azure jelly
 18004 | Lair:6   | Noticed an azure jelly
 18005 | Lair:6   | Found a staircase to the Slime Pits.
 19320 | D:11     | Noticed Erolcha
 19327 | D:11     | Killed Erolcha
 19937 | D:11     | Noticed Snorg
 19947 | D:11     | Killed Snorg
 20246 | D:12     | Noticed Harold
 20253 | D:12     | Killed Harold
 20522 | D:12     | Received a gift from Trog
 20587 | D:12     | Reached skill level 16 in Axes
 20843 | D:12     | Found Fuokin's Magic Scroll Shop.
 21134 | D:13     | Noticed Azrael
 21158 | D:13     | Killed Azrael
 21869 | D:13     | Found Zuguungepo's Assorted Antiques.
 22885 | D:14     | Found a gate to the Vaults.
 22897 | D:14     | Reached XP level 15. HP: 99/99 MP: 11/15
 23416 | D:15     | Entered Level 15 of the Dungeon
 23587 | D:15     | Found a staircase to the Depths.
 23610 | D:15     | HP: 7/150 [something/vampiric draining (6)]
 23615 | D:15     | HP: 3/100 [something/vampiric draining (2)]
 23618 | D:15     | HP: 1/100 [something (2)]
 23863 | D:15     | Reached skill level 17 in Axes
 24095 | D:15     | Lost mutation: You are somewhat resistant to further mutation. [potion of mutation]
 24095 | D:15     | Gained mutation: You have an increased reservoir of magic. (+10% MP) [potion of mutation]
 24095 | D:15     | Gained mutation: You are resistant to hostile enchantments. (MR+) [potion of mutation]
 24095 | D:15     | Gained mutation: You possess an exceptional clarity of mind. [potion of mutation]
 24095 | D:15     | Gained mutation: You have a pair of small horns on your head. [potion of mutation]
 24411 | Depths:1 | Entered Level 1 of the Depths
 24979 | Orc:1    | Entered Level 1 of the Orcish Mines
 25042 | Orc:1    | Received a gift from Trog
 25046 | Orc:1    | Found Nekkom's Jewellery Shop.
 25082 | Orc:1    | Got a bloodstained quick blade {god gift}
 25083 | Orc:1    | Identified the +12 quick blade of the Brain {pierce, MR+} (Trog gifted it to you on level 1 of the Orcish Mines)
 25257 | Orc:2    | Entered Level 2 of the Orcish Mines
 25474 | Orc:2    | Found a roughly hewn altar of Beogh.
 25654 | Orc:2    | Received a gift from Trog
 25655 | Orc:2    | Found a roughly hewn altar of Beogh.
 25657 | Orc:2    | Noticed Saint Roka
 25664 | Orc:2    | HP: 7/150 [orc priest/divine providence (11)]
 25665 | Orc:2    | Killed from afar by Saint Roka

Skill      XL: |  1  2  3  4  5  6  7  8  9 10 11 12 13 14 15 |
---------------+----------------------------------------------+-----
Axes           | 3 4 5 6 7 9 10 12 13 15 16 17 | 17.5
Fighting       | 4 5 6 7 8 9 10 12 13 14 | 14.3
Dodging        | 2 3 4 5 6 |  6.1
Stealth        | 1 3 4 |  4.1
Armour         | 3 5 7 8 9 11 12 13 | 13.0

Action                   |  1- 3 |  4- 6 |  7- 9 | 10-12 | 13-15 || total
-------------------------+-------+-------+-------+-------+-------++-------
Melee: Hand axe          |   102 |    86 |   291 |   172 |       ||   651
       Broad axe         |       |       |       |   382 |   866 ||  1248
       Headbutt          |       |       |       |       |    40 ||    40
Invok: Berserk           |     1 |     3 |     3 |     7 |    11 ||    25
       Burn Spellbooks   |       |       |       |       |     3 ||     3
 Abil: Fly               |       |       |       |     1 |     1 ||     2
  Use: Scroll            |       |       |    17 |     9 |     4 ||    30
       Potion            |       |       |       |     3 |     5 ||     8
 Stab: Sleeping          |       |       |     4 |       |       ||     4
  Eat: Chunk             |     2 |     2 |    11 |    18 |    30 ||    63
       Ration            |       |     1 |     1 |     6 |     4 ||    12
Armor: Animal skin       |    39 |    31 |    15 |       |       ||    85
       Chain mail        |       |       |   173 |   326 |       ||   499
       Plate armour      |       |       |       |    18 |   668 ||   686
Dodge: Dodged            |    80 |    53 |   117 |   318 |   377 ||   945
